 Dungeon Crawl Stone Soup version 0.23.2-1-ga50397a (webtiles) character file.

Game seed: 156402649199956029

5873 havocjr2 the Nimble (level 10, -1/71 HPs)
             Began as a Gnoll Gladiator on Apr 27, 2019.
             Was an Initiate of Hepliaklqana.
             Slain by a stone giant (30 damage)
             ... on level 9 of the Dungeon on Apr 28, 2019.
             The game lasted 00:42:20 (7473 turns).

havocjr2 the Nimble (Gnoll Gladiator)               Turns: 7473, Time: 00:42:22

Health: -1/71      AC: 13    Str: 17    XL:     10   Next: 81%
Magic:  18/18      EV: 20    Int: 13    God:    Hepliaklqana [......]
Gold:   380        SH:  0    Dex: 17    Spells: 20/20 levels left

rFire    . . .     SeeInvis .   M - +12 mace of Defence {holy, rPois}
rCold    . . .     Gourm    .   (no shield)
rNeg     . . .     Faith    .   D - +0 ring mail
rPois    +         Spirit   .   x - +2 helmet
rElec    .         Reflect  .   y - +0 cloak
rCorr    .         Harm     .   t - +0 pair of gloves
MR       .....                  E - +0 pair of boots {Stlth+}
Stlth    +++++.....             r - amulet of rage
HPRegen  0.21/turn              h - +4 ring of evasion
MPRegen  0.16/turn              i - ring of stealth

@: berserk cooldown, slowed, very slow
A: distributed training, reduced essence, fangs 1, strong nose
a: Recall Ancestor, Ancestor Identity, Renounce Religion, Evoke Berserk Rage


You were on level 9 of the Dungeon.
You worshipped Hepliaklqana.
Hepliaklqana was noncommittal.
You were near starving.

You visited 2 branches of the dungeon, and saw 10 of its levels.

You collected 522 gold pieces.
You spent 142 gold pieces at shops.

Inventory:

Hand Weapons
 z - a +0 shortbow
 A - a +3 war axe of freezing
 M - the +12 mace of Defence (weapon) {holy, rPois}
   (You found it on level 6 of the Dungeon)

   It has been blessed by the Shining One to cause great damage to the undead
   and demons.
   It protects you from poison.
Missiles
 c - a javelin (quivered)
 d - 4 throwing nets
 g - 27 bolts
 u - 264 stones
 v - 70 arrows
 W - 2 tomahawks of returning
Armour
 t - a +0 pair of gloves (worn)
 x - a +2 helmet (worn)
 y - a +0 cloak (worn)
 D - a +0 ring mail (worn)
 E - a +0 pair of boots of stealth (worn)
Jewellery
 b - an uncursed amulet of harm
 h - a +4 ring of evasion (left hand)
 i - a ring of stealth (right hand)
 l - an uncursed ring of positive energy
 r - an amulet of rage (around neck)
 F - a +2 amulet of reflection
 H - an uncursed ring of fire
Wands
 j - a wand of disintegration (9)
 m - a wand of enslavement (7)
 Z - a wand of paralysis (19)
Scrolls
 a - a scroll of magic mapping {unknown}
 e - 2 scrolls of random uselessness
 p - 3 scrolls of fog
 q - 9 scrolls of teleportation
 K - 2 scrolls of remove curse
 L - a scroll of enchant weapon {unknown}
 R - a scroll of enchant armour {unknown}
 T - a scroll of immolation {unknown}
 X - a scroll of identify
 Y - a scroll of amnesia
Potions
 k - 2 potions of flight
 n - a potion of mutation {unknown}
 o - 3 potions of curing
 s - 3 potions of brilliance
 w - 2 potions of ambrosia {unknown}
 B - 2 potions of might
 C - 2 potions of degeneration {unknown}
 G - a potion of heal wounds
 J - 2 potions of berserk rage {unknown}
 N - a potion of agility {unknown}
 O - a potion of resistance
 P - a potion of haste {unknown}
 Q - 2 potions of lignification {unknown}
 S - a potion of magic {unknown}
 V - a potion of invisibility {unknown}
Comestibles
 f - 19 rations
 I - 3 chunks of flesh


   Skills:
 + Level 7.2 Fighting
 + Level 5.5 Short Blades
 + Level 5.5 Long Blades
 + Level 8.7 Axes
 + Level 5.5 Maces & Flails
 + Level 5.5 Polearms
 + Level 5.5 Staves
 + Level 5.5 Slings
 + Level 5.5 Bows
 + Level 5.5 Crossbows
 + Level 7.2 Throwing
 + Level 5.5 Armour
 + Level 8.7 Dodging
 + Level 5.5 Stealth
 + Level 5.5 Shields
 + Level 5.5 Unarmed Combat
 + Level 5.5 Spellcasting
 + Level 4.5 Conjurations
 + Level 4.5 Hexes
 + Level 4.5 Charms
 + Level 4.5 Summonings
 + Level 4.5 Necromancy
 + Level 4.5 Translocations
 + Level 4.5 Transmutations
 + Level 4.5 Fire Magic
 + Level 4.5 Ice Magic
 + Level 4.5 Air Magic
 + Level 4.5 Earth Magic
 + Level 4.5 Poison Magic
 + Level 6.1 Invocations
 + Level 5.5 Evocations


You had 20 spell levels left.
You didn't know any spells.
Your spell library was empty.

Dungeon Overview and Level Annotations

Branches:
Dungeon (9/15)             Temple (1/1) D:7
   Lair: D:8-11         Orc: D:9-12

Altars:
Dithmenos
Fedhas
Gozag
Hepliaklqana
Kikubaaqudgha
Qazlal
Sif Muna
Uskayaw
Xom
Zin
The Shining One

Shops:
D:5 :   D:7 [

Annotations:
D:7 2 transporters, ThisFiasco's ghost, novice GrMo


Innate Abilities, Weirdness & Mutations

Your experience applies equally to all skills.
You have very sharp teeth.
Your uncanny sense of smell can sniff out nearby items.
Your life essence is reduced to manifest your ancestor. (-10% HP)


Message History

An adder comes into view.
Djefatnebti hits the stone giant!
The stone giant hits you!!
Djefatnebti hits the stone giant.
The stone giant misses you.
You feel much better.
You are near starving!
Djefatnebti hits the stone giant but does no damage.
The stone giant closely misses you.
You feel much better. The adder closely misses you.
Djefatnebti hits the stone giant.
The stone giant completely misses you. The adder bites you but does no damage.
Djefatnebti hits the stone giant but does no damage.
The stone giant hits you!!
You sock the stone giant!
You bite the stone giant, but do no damage.
The stone giant is moderately wounded.
The adder closely misses you.
Djefatnebti hits the stone giant.
The stone giant hits you! The adder barely misses you.
Djefatnebti hits the stone giant but does no damage.
The stone giant hits you!!
You die...

#. .#.≈≈≈ ≈≈≈
#.##≈≈≈≈ ≈≈≈≈ ∆∆
###.o≈≈≈≈ #### ##.
.oo≈≈≈8##....## ≈..
#####≈≈≈.##...
..##≈≈# ....≈≈≈.8#..#
#..#≈≈#
#.≈≈>..'..#∆∆+..#≈≈##
#.≈≈<..'..#∆∆#CS#≈≈.#
#.≈≈≈=8#..####@R#
#.#≈≈≈.##...÷..##
∆#...≈≈≈8##...(##
#.#..≈≈≈≈######
#.####≈≈≈≈≈≈≈≈≈ ∆#
###≈≈≈≈≈≈≈≈#
##########


You could see the friendly Djefatnebti the ancestor, a stone giant and an adder.

Vanquished Creatures
  A two-headed ogre (D:8)
  Prince Ribbit (D:7)
  A hippogriff (D:8)
  A spriggan (D:8)
  Sigmund (D:5)
  Eustachio (D:5)
  2 hungry ghosts
  Menkaure (D:5)
  3 phantoms
  A sky beast (D:6)
  2 black bears
  3 orc warriors
  3 ice beasts
  An eye of draining (D:8)
  An ogre (D:4)
  2 centaurs
  6 bullfrogs
  A scorpion (D:6)
  3 wights (D:3)
  A crimson imp (D:8)
  A jelly (D:5)
  2 bullfrog skeletons
  3 orc priests
  2 hounds
  Crazy Yiuf (D:6)
  4 orc wizards
  2 iguanas
  4 worker ants
  2 worker ant zombies
  Robin (D:4)
  7 gnolls
  5 adders
  4 shadow imps
  6 dart slugs
  4 leopard geckos
  23 orcs
  A bat (D:2)
  4 giant cockroaches
  11 goblins
  5 hobgoblins
  4 jackals (D:4)
  3 quokkas
  A ball python (D:1)
  3 frilled lizards (D:2)
  A jackal skeleton (D:5)
  9 kobolds
  6 rats
155 creatures vanquished.

Vanquished Creatures (collateral kills)
  A two-headed ogre (D:8)
  A hippogriff (D:8)
  A sky beast (D:8)
  An ice beast (D:8)
  A big kobold (D:8)
  A bullfrog (D:8)
  An electric eel (D:9)
  An orc wizard (D:9)
  A gnoll (D:8)
  2 orcs
  A giant cockroach (D:8)
  A kobold (D:8)
13 creatures vanquished.

Vanquished Creatures (others)
  An adder zombie (D:9)
  A plant (D:8)
  A withered plant (D:8)
3 creatures vanquished.

Grand Total: 171 creatures vanquished

Notes
Turn   | Place    | Note
-------+----------+-------------------------------------------
     0 | D:1      | havocjr2 the Gnoll Gladiator began the quest for the Orb.
     0 | D:1      | Reached XP level 1. HP: 20/20 MP: 1/1
   256 | D:1      | Reached XP level 2. HP: 20/26 MP: 2/2
   790 | D:1      | Reached XP level 3. HP: 31/31 MP: 3/3
  1083 | D:2      | Reached skill level 1 in Invocations
  1448 | D:2      | Reached skill level 1 in Short Blades
  1448 | D:2      | Reached skill level 1 in Long Blades
  1448 | D:2      | Reached skill level 1 in Maces & Flails
  1448 | D:2      | Reached skill level 1 in Polearms
  1448 | D:2      | Reached skill level 1 in Staves
  1448 | D:2      | Reached skill level 1 in Slings
  1448 | D:2      | Reached skill level 1 in Bows
  1448 | D:2      | Reached skill level 1 in Crossbows
  1448 | D:2      | Reached skill level 1 in Armour
  1448 | D:2      | Reached skill level 1 in Stealth
  1448 | D:2      | Reached skill level 1 in Shields
  1448 | D:2      | Reached skill level 1 in Unarmed Combat
  1448 | D:2      | Reached skill level 1 in Spellcasting
  1448 | D:2      | Reached skill level 1 in Evocations
  1558 | D:3      | Reached XP level 4. HP: 33/38 MP: 5/5
  1603 | D:3      | Noticed a centaur
  1613 | D:3      | Killed a centaur
  1613 | D:3      | Reached skill level 1 in Conjurations
  1613 | D:3      | Reached skill level 1 in Hexes
  1613 | D:3      | Reached skill level 1 in Charms
  1613 | D:3      | Reached skill level 1 in Summonings
  1613 | D:3      | Reached skill level 1 in Necromancy
  1613 | D:3      | Reached skill level 1 in Translocations
  1613 | D:3      | Reached skill level 1 in Transmutations
  1613 | D:3      | Reached skill level 1 in Fire Magic
  1613 | D:3      | Reached skill level 1 in Ice Magic
  1613 | D:3      | Reached skill level 1 in Air Magic
  1613 | D:3      | Reached skill level 1 in Earth Magic
  1613 | D:3      | Reached skill level 1 in Poison Magic
  1613 | D:3      | Reached XP level 5. HP: 13/43 MP: 5/7
  1950 | D:3      | Reached XP level 6. HP: 27/50 MP: 8/8
  2609 | D:4      | Reached skill level 5 in Fighting
  2609 | D:4      | Reached skill level 5 in Throwing
  2840 | D:4      | Found an opulent altar of Gozag.
  2840 | D:4      | Found a stormy altar of Qazlal.
  2842 | D:4      | Found a glowing silver altar of Zin.
  2842 | D:4      | Found a glowing golden altar of the Shining One.
  2842 | D:4      | Found a hide-covered altar of Uskayaw.
  2857 | D:4      | Reached XP level 7. HP: 53/56 MP: 10/10
  2949 | D:4      | Noticed Robin
  2956 | D:4      | Killed Robin
  3215 | D:5      | Entered Level 5 of the Dungeon
  3243 | D:5      | Noticed Menkaure
  3251 | D:5      | Killed Menkaure
  3489 | D:5      | Reached XP level 8. HP: 62/63 MP: 12/12
  3596 | D:5      | Noticed Eustachio
  3618 | D:5      | Killed Eustachio
  3768 | D:5      | Found Xystiapu's Book Shop.
  3941 | D:5      | Noticed Sigmund
  4137 | D:5      | Killed Sigmund
  4499 | D:6      | Got an encrusted mace
  4500 | D:6      | Identified the +12 mace of Defence {holy, rPois} (You found
                  | it on level 6 of the Dungeon)
  4505 | D:6      | Found a runed translucent door.
  4506 | D:6      | Noticed Crazy Yiuf
  4513 | D:6      | Killed Crazy Yiuf
  5027 | D:6      | Reached XP level 9. HP: 57/69 MP: 14/14
  5675 | D:7      | Found Tekhla Raujob's Antique Armour Shop.
  5684 | D:7      | Bought a pair of embroidered boots for 142 gold pieces
  5767 | D:7      | Noticed Prince Ribbit
  6058 | D:7      | Found a transporter.
  6063 | D:7      | Noticed ThisFiasco's ghost (novice GrMo)
  6064 | D:7      | Noticed a moth of wrath
  6082 | D:7      | Found a transporter.
  6437 | D:7      | Killed Prince Ribbit
  6437 | D:7      | Reached skill level 5 in Invocations
  6502 | D:7      | Found a staircase to the Ecumenical Temple.
  6519 | Temple   | Entered the Ecumenical Temple
  6550 | Temple   | Became a worshipper of Hepliaklqana the Forgotten
  6643 | D:8      | Reached XP level 10. HP: 69/69 MP: 5/17
  6895 | D:8      | Reached skill level 5 in Short Blades
  6895 | D:8      | Reached skill level 5 in Long Blades
  6895 | D:8      | Reached skill level 5 in Maces & Flails
  6895 | D:8      | Reached skill level 5 in Polearms
  6895 | D:8      | Reached skill level 5 in Staves
  6895 | D:8      | Reached skill level 5 in Slings
  6895 | D:8      | Reached skill level 5 in Bows
  6895 | D:8      | Reached skill level 5 in Crossbows
  6895 | D:8      | Reached skill level 5 in Armour
  6895 | D:8      | Reached skill level 5 in Stealth
  6895 | D:8      | Reached skill level 5 in Shields
  6895 | D:8      | Reached skill level 5 in Unarmed Combat
  6895 | D:8      | Reached skill level 5 in Spellcasting
  6895 | D:8      | Reached skill level 5 in Evocations
  6954 | D:8      | Noticed a two-headed ogre
  6960 | D:8      | Killed a two-headed ogre
  7068 | D:8      | Found an ancient bone altar of Kikubaaqudgha.
  7068 | D:8      | Found a blossoming altar of Fedhas.
  7082 | D:8      | Noticed a two-headed ogre
  7090 | D:8      | Killed a two-headed ogre
  7456 | D:9      | Noticed a stone giant
  7473 | D:9      | Slain by a stone giant

Skill      XL: |  1  2  3  4  5  6  7  8  9 10 |
---------------+-------------------------------+-----
Invocations    | 1 2 3 4 5 6 |  6.1
Short Blades   | 1 2 3 4 5 |  5.5
Long Blades    | 1 2 3 4 5 |  5.5
Maces & Flails | 1 2 3 4 5 |  5.5
Polearms       | 1 2 3 4 5 |  5.5
Staves         | 1 2 3 4 5 |  5.5
Slings         | 1 2 3 4 5 |  5.5
Bows           | 1 2 3 4 5 |  5.5
Crossbows      | 1 2 3 4 5 |  5.5
Armour         | 1 2 3 4 5 |  5.5
Stealth        | 1 2 3 4 5 |  5.5
Shields        | 1 2 3 4 5 |  5.5
Unarmed Combat | 1 2 3 4 5 |  5.5
Spellcasting   | 1 2 3 4 5 |  5.5
Evocations     | 1 2 3 4 5 |  5.5
Conjurations   | 1 2 3 4 |  4.5
Hexes          | 1 2 3 4 |  4.5
Charms         | 1 2 3 4 |  4.5
Summonings     | 1 2 3 4 |  4.5
Necromancy     | 1 2 3 4 |  4.5
Translocations | 1 2 3 4 |  4.5
Transmutations | 1 2 3 4 |  4.5
Fire Magic     | 1 2 3 4 |  4.5
Ice Magic      | 1 2 3 4 |  4.5
Air Magic      | 1 2 3 4 |  4.5
Earth Magic    | 1 2 3 4 |  4.5
Poison Magic   | 1 2 3 4 |  4.5
Fighting       | 5 6 7 |  7.2
Throwing       | 5 6 7 |  7.2
Axes           | 7 8 |  8.7
Dodging        | 7 8 |  8.7

Action                   |  1- 3 |  4- 6 |  7- 9 | 10-12 || total
-------------------------+-------+-------+-------+-------++-------
Melee: War axe           |    56 |    68 |   119 |       ||   243
       Bite              |     2 |     4 |    25 |    11 ||    42
       Glaive            |       |     6 |       |       ||     6
       Punch             |       |       |     6 |     1 ||     7
       Mace              |       |       |   144 |    74 ||   218
Throw: Stone             |       |     2 |    42 |       ||    44
       Throwing net      |       |       |     4 |       ||     4
       Javelin           |       |       |    10 |     5 ||    15
Invok: Recall Ancestor   |       |       |       |     1 ||     1
 Abil: Evoke Berserk Rag |       |       |       |     1 ||     1
  Use: Scroll            |       |     7 |     5 |       ||    12
       Potion            |       |       |     1 |     3 ||     4
 Stab: Sleeping          |     7 |     4 |     6 |     5 ||    22
       Held in net/web   |       |       |     1 |       ||     1
       Distracted        |       |       |     1 |     3 ||     4
  Eat: Chunk             |     2 |     4 |    12 |     1 ||    19
       Ration            |       |       |       |     1 ||     1
Armor: Leather armour    |     4 |     5 |       |       ||     9
       Ring mail         |       |     1 |    57 |    33 ||    91
Dodge: Dodged            |    42 |    62 |   201 |    95 ||   400
Block: Other             |       |       |     5 |     6 ||    11
